 Dungeon Crawl Stone Soup version 0.17-a0-2028-g5c22979 (webtiles) character file.

352 Jackolantern the Ruffian (level 6, -15/61 HPs)
             Began as a Troll Monk on Oct 11, 2015.
             Was a Believer of Zin.
             Demolished by MrSledge's ghost (30 damage)
             ... on level 7 of the Dungeon.
             The game lasted 00:09:21 (1187 turns).

Jackolantern the Ruffian (Troll Monk)               Turns: 1187, Time: 00:09:22

Health: -15/61     AC:  6    Str: 22    XL:     6   Next: 35%
Magic:  7/7        EV:  6    Int:  6    God:    Zin [**....]
Gold:   92         SH:  0    Dex: 12    Spells: 0 memorised, 5 levels left

rFire  x . .     SeeInvis .     i - +0 giant spiked club
rCold  + . .     Clarity  .     a - +0 robe
rNeg   . . .     SustAt   .     (no shield)
rPois  .         Gourm    +     (helmet restricted)
rElec  .         Spirit   .     f - +0 cloak
rCorr  .         Warding  .     (gloves unavailable)
rMut   .         Stasis   .     (boots unavailable)
MR     .....                    (no amulet)
Stlth  +.........               (no ring)
                                d - ring of ice

@: not resistant to hostile enchantments, very unstealthy
A: unfitting armour, claws 3, fast metabolism 3, gourmand, regeneration 2,
shaggy fur 1, tough skin 2
a: Donate Gold, Recite, Vitalisation, Renounce Religion


You were on level 7 of the Dungeon.
You worshipped Zin.
Zin was pleased with you.
You were not hungry.

You visited 1 branch of the dungeon, and saw 7 of its levels.

You collected 114 gold pieces.
You donated 22 gold pieces to Zin.

Inventory:

Hand Weapons
 i - a +0 giant spiked club (weapon)
Armour
 a - a +0 robe (worn)
 f - a +0 cloak (worn)
Jewellery
 d - a ring of ice (left claw)
Scrolls
 e - 5 scrolls of remove curse {unknown}
 g - 2 scrolls of amnesia {unknown}
 h - a scroll of identify {unknown}
Potions
 c - 2 potions of degeneration {unknown}
Books
 j - a Necronomicon

   Spells                             Type                      Level
   a - Haunt                          Necromancy/Summoning         7
   b - Borgnjor's Revivification      Necromancy                   8
   c - Death's Door                   Charms/Necromancy            8
   d - Necromutation                  Transmutation/Necromancy     8
   Zin disapproves of the use of such an item.
Comestibles
 b - a bread ration


   Skills:
 + Level 3.2 Fighting
 * Level 0.1 Maces & Flails
 + Level 3.6 Dodging
 - Level 1.4 Stealth
 - Level 5.1 Unarmed Combat
 * Level 2.8 Invocations


You had 5 spell levels left.
You didn't know any spells.

Dungeon Overview and Level Annotations

Branches:
Dungeon (7/15)
 Temple: D:4-7

Altars:
Dithmenos
Fedhas
Gozag
Xom
Zin

Annotations:
D:7 MrSledge's ghost, novice TrBe


Innate Abilities, Weirdness & Mutations

You are too large for most types of armour.
You have claws for hands.
Your metabolism is lightning-fast.
You like to eat raw meat.
You heal very quickly.
You are covered in fur (AC +1).
You have very tough skin (AC +2).


Message History

You now have 90 gold pieces (gained 2).
You now have 92 gold pieces (gained 2).
Drop what? 10/52 slots (_ for help) (? for menu, Esc to quit)
Okay, then.
Something unseen opens the door.
MrSledge's ghost (novice Troll Berserker) comes into view.
MrSledge's ghost turns its malevolent gaze towards you.
You miss MrSledge's ghost. MrSledge's ghost hits you!!
MrSledge's ghost hits you but does no damage.
You miss MrSledge's ghost.
MrSledge's ghost hits you but does no damage.
MrSledge's ghost hits you!!
* * * LOW HITPOINT WARNING * * *
You miss MrSledge's ghost. MrSledge's ghost hits you.
* * * LOW HITPOINT WARNING * * *
MrSledge's ghost hits you!! Zin protects you from harm!
There is a stone staircase leading up here.
MrSledge's ghost hits you!!
You die...

...........#
...........+ ...
..........##+###+#...
#..................#
#..................#
#..................+
+..................#
#....@W............#
.....#+##+##...##...
... #._..# . #....#
+....+ ##'### .. ...
....


You could see MrSledge's ghost.

Vanquished Creatures
  2 ogres
  An orc priest (D:4)
  A jelly (D:5)
  A worker ant (D:4)
  An orc wizard (D:4)
  4 adders
  A shadow imp (D:6)
  2 adder skeletons (D:4)
  2 giant geckos (D:4)
  3 orcs (D:4)
  A bat (D:2)
  2 giant cockroaches
  A goblin (D:1)
  3 hobgoblins (D:2)
  A kobold (D:2)
  2 quokkas
28 creatures vanquished.

Notes
Turn   | Place    | Note
--------------------------------------------------------------
     0 | D:1      | Jackolantern the Troll Monk began the quest for the Orb.
     0 | D:1      | Reached XP level 1. HP: 22/22 MP: 0/0
   109 | D:2      | Reached XP level 2. HP: 29/29 MP: 1/1
   152 | D:2      | Found a shadowy altar of Dithmenos.
   154 | D:2      | Reached XP level 3. HP: 36/36 MP: 2/2
   406 | D:4      | Found a shimmering altar of Xom.
   408 | D:4      | Noticed an angel
   414 | D:4      | Found a glowing silver altar of Zin.
   427 | D:4      | Became a worshipper of Zin the Law-Giver
   427 | D:4      | Acquired Zin's first power
   427 | D:4      | Acquired Zin's second power
   446 | D:4      | Donated 11 gold pieces to Zin
   562 | D:4      | Reached XP level 4. HP: 12/45 MP: 3/3
   582 | D:4      | Reached skill level 5 in Unarmed Combat
   707 | D:4      | Reached XP level 5. HP: 37/53 MP: 4/4
   815 | D:4      | Noticed an ogre
   881 | D:4      | Killed an ogre
   881 | D:4      | Reached skill level 1 in Invocations
   949 | D:4      | Found a blossoming altar of Fedhas.
   979 | D:5      | Entered Level 5 of the Dungeon
   989 | D:5      | Noticed an ogre
   995 | D:5      | Killed an ogre
   995 | D:5      | Reached XP level 6. HP: 61/61 MP: 6/6
  1150 | D:7      | Found an opulent altar of Gozag.
  1176 | D:7      | Noticed MrSledge's ghost (novice TrBe)
  1179 | D:7      | Zin protects you from harm!
  1187 | D:7      | Demolished by MrSledge's ghost

Vault maps used:
D:1:      lemuel_arrival_muddy
D:2:      grunt_dithmenos_smoke_and_mirrors
D:4:      grunt_temple_overflow_order_and_chaos_1,
          lemuel_coloured_pillars_altar, first_bread
D:5:      uniq_sigmund, uniq_prince_ribbit1
D:6:      wad_river_or_something, lemuel_crystal_altar,
          minmay_temple_entry_large_hall, lemuel_oklob_altar
D:7:      kiku_gazebo_garden_becter, nicolae_gozag_seed_capital, basic_altar,
          kennysheep_generic_room_14

Action                   |  1- 3 |  4- 6 || total
-------------------------+-------+-------++-------
Melee: Unarmed           |    45 |    48 ||    93
       Giant spiked club |       |     8 ||     8
Invok: Donate Gold       |     2 |       ||     2
       Recite            |     1 |     4 ||     5
       Vitalisation      |       |     1 ||     1
 Stab: Sleeping          |     2 |     1 ||     3
  Eat: Bread ration      |     1 |     1 ||     2
       Chunk             |       |     1 ||     1
